 Dungeon Crawl Stone Soup version 0.30.0-29-ga12c61a403 (webtiles) character file.

Game seed: 8483425158110681069

412 Cheops the Digger (level 6, -1/51 HPs)
             Began as an Armataur Earth Elementalist on June 14, 2023.
             Was a Follower of Uskayaw.
             Slain by Pikel
             ... wielding a +0 whip of flaming
              (2 damage)
             ... on level 4 of the Dungeon.
             The game lasted 00:13:53 (5701 turns).

Cheops the Digger (Armataur Earth Elementalist)     Turns: 5701, Time: 00:13:54

Health: -1/51      AC:  6    Str: 13    XL:     6   Next: 59%
Magic:  7/9        EV:  9    Int: 17    God:    Uskayaw [*.....]
Gold:   161        SH:  0    Dex: 11    Spells: 3/9 levels left

rFire   . . .        a - +2 dagger (venom)
rCold   . . .        (no shield)
rNeg    . . .        c - +0 robe
rPois   .            n - +0 helmet
rElec   .            (no cloak)
rCorr   .            w - +0 pair of gloves
SInv    .            (no barding)
Will    .....        (no amulet)
Stlth   +++          (no ring)
HPRegen 0.28/turn    (no ring)
MPRegen 0.11/turn

%: roll
@: invisible
A: large, rugged brown scales 3, deformed body, armoured tail, roll, long
tongue, awkward tongue
a: Renounce Religion, Stomp


You were on level 4 of the Dungeon.
You worshipped Uskayaw.
Uskayaw was noncommittal.
You visited 2 branches of the dungeon, and saw 6 of its levels.

You collected 161 gold pieces.

Inventory:

Hand Weapons
 a - a +2 dagger of venom (weapon)
 b - a +2 dagger of holy wrath
Armour
 c - a +0 robe (worn)
 n - a +0 helmet (worn)
 w - a +0 pair of gloves (worn)
Magical Staves
 E - a staff of cold
Wands
 x - a wand of flame (7)
Scrolls
 g - a scroll of torment {unknown}
 h - 2 scrolls of fog {unknown}
 j - 2 scrolls of noise {unknown}
 k - a scroll of immolation {unknown}
 l - a scroll of vulnerability {unknown}
 p - 2 scrolls of enchant weapon {unknown}
 s - 2 scrolls of amnesia {unknown}
 t - 2 scrolls of teleportation {unknown}
 u - a scroll of blinking {unknown}
 v - a scroll of magic mapping {unknown}
 A - 2 scrolls of poison {unknown}
 D - a scroll of silence {unknown}
Potions
 d - a potion of brilliance
 e - 4 potions of curing {unknown}
 i - 2 potions of degeneration {unknown}
 m - a potion of resistance
 o - 3 potions of might
 y - 3 potions of magic
 z - 3 potions of lignification {unknown}
 C - a potion of heal wounds {unknown}


   Skills:
 - Level 2.0 Fighting
 - Level 2.0 Short Blades
 - Level 1.3 Dodging
 + Level 4.8 Stealth
 - Level 2.0 Spellcasting
 * Level 0.0 Conjurations
 - Level 0.8 Transmutations
 * Level 4.9 Earth Magic


You had 3 spell levels left.
You knew the following spells:

 Your Spells              Type           Power      Damage    Failure   Level
a - Sandblast             Erth           36%        2d10      2%          1
b - Stone Arrow           Conj/Erth      20%        3d8       22%         3
P - Passwall              Tmut/Erth      9%         N/A       9%          2

Your spell library contained the following spells:

 Spells                   Type           Power      Damage    Failure   Level
 Beastly Appendage        Tmut           8%         N/A       14%         1
 Magic Dart               Conj           4%         1d3       19%         1
 Wereblood                Tmut           4%         N/A       21%         2
 Call Imp                 Summ           2%         N/A       28%         2
 Spider Form              Tmut/Pois      3%         N/A       43%         3
 Mephitic Cloud           Conj/Pois/Air  1%         N/A       50%         3
 Petrify                  Tmut/Erth      11%        N/A       52%         4


Dungeon Overview and Level Annotations

Branches:
Dungeon (5/15)             Temple (1/1) D:4

Altars:
Elyvilon
Fedhas
Gozag
Hepliaklqana
Kikubaaqudgha
Qazlal
Ru
Sif Muna
Uskayaw
Vehumet
Wu Jian
Xom
Yredelemnul
The Shining One
Lugonu

Annotations:
D:4 Pikel


Innate Abilities, Weirdness & Mutations

You are completely covered in rugged brown scales. (AC +3, +7% HP)
Armour fits poorly on your strangely shaped body.
You have a long armoured tail.
You roll when moving toward enemies. (Rampage)
Your long tongue fully drains potion bottles. (2x potion effects)
Your tongue gives you trouble enunciating. (1.5x scroll delay)


Message History

You aren't next to any passable walls.
Unknown command.
Aiming: Mindburst
Press: ? - help, Shift-Dir - straight line, f/p - Pikel
Aim: Pikel, wielding a +0 whip of flaming and wearing a +0 robe (moderately wounded, chance to affect: 64%) Pikel struggles to resist.
Pikel hits you with a +0 whip of flaming.
* * * LOW HITPOINT WARNING * * *
Pikel burns you.
* * * LOW HITPOINT WARNING * * *
Aiming: Mindburst
Press: ? - help, Shift-Dir - straight line, f/p - Pikel
Aim: Pikel, wielding a +0 whip of flaming and wearing a +0 robe (moderately wounded, chance to affect: 64%) Pikel struggles to resist.
Pikel hits you with a +0 whip of flaming.
* * * LOW HITPOINT WARNING * * *
Pikel burns you.
* * * LOW HITPOINT WARNING * * *
Aiming: Mindburst
Press: ? - help, Shift-Dir - straight line, f/p - Pikel
Aim: Pikel, wielding a +0 whip of flaming and wearing a +0 robe (moderately wounded, chance to affect: 64%) Pikel struggles to resist.
The now-empty wand crumbles to dust.
Pikel hits you with a +0 whip of flaming.
* * * LOW HITPOINT WARNING * * *
Pikel burns you.
* * * LOW HITPOINT WARNING * * *
You fade into invisibility!
You slurp down every last drop of the potion of invisibility!
Pikel closely misses you.
You hit Pikel but do no damage.
Pikel is poisoned.
Pikel is moderately wounded.
You completely miss Pikel.
Pikel is heavily wounded.
Pikel misses you.
You hit Pikel.
Pikel looks as sick as possible!
Pikel is severely wounded.
Pikel hits you with a +0 whip of flaming.
* * * LOW HITPOINT WARNING * * *
Pikel burns you.
You die...

,,,,,,,*,,,,,#.≈....####.≈.#..#..
,,,,,,,*****,#.≈.###...#.≈.#..#..
,,,>,,,*,,**,#.≈.#_.≈≈.#.≈.#..#..
,,,,[,,*,,,,,#.≈.#...≈.#.≈.#..#..
,,,,,,,#....≈.#.≈.#...≈.#.≈..##..
,,,,,,,#....≈.#5≈.##._≈.#.≈.#####
,,,,,,,#....≈.#.≈...≈≈≈.#.≈.##...
,,,,,,,#..##≈.#K≈≈≈≈....#.≈.##...
,**,*,,#.,*#≈.#.@...#####.≈......
,,,_,,,#,,,.≈.######......≈.####.
***,*,,',,,.≈.,,,,,,≈≈≈≈≈≈≈.# #..
*,,,,*,,,,≈≈≈≈≈≈≈≈........###..
*,,,,*,,,,,,,,,,**#####.....#..
*,,,,*,,,,,*,,,,* #####....
*,,,,*******,,,,* ##### ******
******


You could see Pikel (unable to see you, extremely poisoned) and a lemure (unable
to see you).

Vanquished Creatures
  A black bear (D:4)
  A lemure (D:4)
  An orc priest (D:3)
  Ijyb (D:3)
  4 orc wizards
  7 adders
  A white imp (D:3)
  A worm (D:2)
  2 dart slugs (D:1)
  12 orcs
  A bat (D:3)
  2 endoplasms
  2 giant cockroaches
  11 goblins
  10 hobgoblins
  4 jackals (D:1)
  3 quokkas
  5 ball pythons
  3 frilled lizards
  5 kobolds
  8 rats
85 creatures vanquished.

Notes
Turn   | Place    | Note
-------+----------+-------------------------------------------
     0 | D:1      | Cheops the Armataur Earth Elementalist began the quest for
                  | the Orb.
     0 | D:1      | Reached XP level 1. HP: 14/14 MP: 3/3
   209 | D:1      | Reached XP level 2. HP: 21/21 MP: 3/5
   596 | D:1      | Reached XP level 3. HP: 28/28 MP: 4/6
   677 | D:1      | Found a faded altar of an unknown god.
  1045 | D:2      | Reached skill level 1 in Short Blades
  1179 | D:2      | Reached skill level 1 in Fighting
  1946 | D:2      | Reached XP level 4. HP: 37/37 MP: 5/7
  2465 | D:3      | Found a glowing golden altar of the Shining One.
  2610 | D:3      | Found a shimmering blue altar of Sif Muna.
  2883 | D:3      | Learned a level 2 spell: Passwall
  2887 | D:3      | Learned a level 3 spell: Stone Arrow
  3092 | D:3      | Noticed Ijyb
  3102 | D:3      | Killed Ijyb
  3103 | D:3      | Reached XP level 5. HP: 23/43 MP: 3/8
  3428 | D:4      | Found a large runed translucent door.
  3428 | D:4      | Found a large runed translucent door.
  3540 | D:4      | Found an ornate altar of the Wu Jian Council.
  3781 | D:4      | Reached XP level 6. HP: 31/51 MP: 7/9
  3872 | D:4      | Found an ancient bone altar of Kikubaaqudgha.
  3908 | D:4      | Found a blossoming altar of Fedhas.
  3909 | D:4      | Found a sacrificial altar of Ru.
  4199 | D:4      | Found a staircase to the Ecumenical Temple.
  4227 | Temple   | Entered the Ecumenical Temple
  4259 | Temple   | Became a worshipper of Uskayaw the Reveller
  4475 | D:4      | Reached * piety under Uskayaw
  4497 | D:4      | Reached ** piety under Uskayaw
  4883 | D:4      | Found a white marble altar of Elyvilon.
  4928 | D:4      | Found a shimmering altar of Xom.
  5079 | D:5      | Entered Level 5 of the Dungeon
  5116 | D:5      | Noticed Pikel
  5419 | D:4      | Found an ornate altar of the Wu Jian Council.
  5539 | D:4      | Found a white marble altar of Elyvilon.
  5542 | D:4      | Found a shimmering altar of Xom.
  5577 | D:4      | Found a staircase to the Ecumenical Temple.
  5666 | D:4      | Found a sacrificial altar of Ru.
  5669 | D:4      | Found a blossoming altar of Fedhas.
  5701 | D:4      | HP: 1/51 [Pikel/+0 whip of flaming (5)]
  5701 | D:4      | Slain by Pikel

Illustrated notes

Levels and vault maps discovered:
D:1:      lightli_molten_gateway, layout_loops_ring, basic_ecumenical_altar
D:2:      layout_loops_corners
D:3:      layout_basic, marbit_many_paths, mainiacjoe_overflow_chevrons,
          item_on_display_a, uniq_ijyb
D:4:      layout_gridville, nicolae_wu_jian_wuxing_cycle, lemuel_crystal_altar,
          nicolae_overflow_squiral, jmf_multi_god_temple2,
          minmay_temple_entry_poolview
D:5:      layout_layer_cave, mainiacjoe_overflow_paths,
          mainiacjoe_overflow_alcove_4, dreamdust_gnoll_farm, uniq_pikel,
          uniq_crazy_yiuf_cottage, uniq_menkaure
Temple:   corrupted_temple

Skill      XL: |  1  2  3  4  5 |
---------------+----------------+-----
Spellcasting   | 2 |  2.0
Earth Magic    | 3 4 |  4.9
Short Blades   | 1 2 |  2.0
Fighting       | 1 2 |  2.0
Stealth        | 3 4 |  4.8
Dodging        | |  1.3
Transmutations | |  0.8

Action                     |  1- 3 |  4- 6 || total
---------------------------+-------+-------++-------
  Melee: Unarmed           |     1 |       ||     1
         Dagger            |     3 |    41 ||    44
         Tailslap          |       |     3 ||     3
   Cast: Sandblast         |    62 |    73 ||   135
         Passwall          |       |     5 ||     5
 Invoke: Line Pass         |       |     1 ||     1
  Evoke: Wand              |       |     3 ||     3
    Use: Scroll            |       |     4 ||     4
         Potion            |       |     2 ||     2
   Stab: Sleeping          |       |     2 ||     2
 Armour: Robe              |     1 |    26 ||    27
  Dodge: Dodged            |     6 |    30 ||    36
